 Dungeon Crawl Stone Soup version 0.29.0-4-gdea44cf6ec (webtiles) character file.

Game seed: 12477472353334450255

10018 qw the Brawler (level 11, -3/105 HPs)
             Began as a Troll Cinder Acolyte on Aug 31, 2022.
             Was a Follower of Ignis.
             Slain by a manticore (8 damage)
             ... on level 11 of the Dungeon.
             The game lasted 00:05:34 (9006 turns).

qw the Brawler (Troll Cinder Acolyte)               Turns: 9006, Time: 00:05:35

Health: -3/105     AC: 16    Str: 28    XL:     11   Next: 30%
Magic:  11/11      EV:  9    Int: 10    God:    Ignis [*.....]
Gold:   405        SH:  0    Dex:  3    Spells: 12/12 levels left

rFire   + + .      SeeInvis .     - Unarmed
rCold   . . .      Faith    .   (no shield)
rNeg    . . .      Spirit   .   l - +1 steam dragon scales
rPois   .          Reflect  .   (helmet restricted)
rElec   .          Harm     .   j - +0 cloak
rCorr   .          Rampage  .   (gloves unavailable)
Will    +....                   (boots unavailable)
Stlth   +.........              m - amulet of the acrobat
HPRegen 1.07/turn               i - ring of willpower
MPRegen 0.12/turn               o - ring of protection from fire

@: about to teleport, spiked, fiery-armoured
A: large, unfitting armour, claws 3, regeneration 1, shaggy fur 1, tough skin 1,
clumsy 1
a: Renounce Religion, Fiery Armour, Foxfire Swarm, Rising Flame


You were on level 11 of the Dungeon.
You worshipped Ignis.
Ignis was aware of your devotion.
You visited 1 branch of the dungeon, and saw 11 of its levels.
You also visited: Ossuary.

You collected 703 gold pieces.
You spent 298 gold pieces at shops.


Innate Abilities, Weirdness & Mutations

You are too large for most types of armour.
You have claws for hands.
Your natural rate of healing is unusually fast.
You are covered in fur. (AC +1)
You have tough skin. (AC +1)
You are clumsy. (Dex -2)


   Skills:
 - Level 6.0 Fighting
 - Level 2.0 Throwing
 - Level 2.2 Armour
 - Level 1.3 Dodging
 + Level 15.9 Unarmed Combat
 - Level 1.0 Spellcasting
 - Level 2.1 Fire Magic


You had 12 spell levels left.
You didn't know any spells.
Your spell library contained the following spells:

 Spells                   Type           Power      Damage    Failure   Level
 Scorch                   Fire           8%         2d5       22%         2

Inventory:

Missiles
 b - 5 boomerangs (quivered)
Armour
 j - a +0 cloak (worn)
 l - +1 steam dragon scales (worn)
Jewellery
 a - a ring of fire
 i - a ring of willpower (left claw)
 m - an amulet of the acrobat (around neck)
 o - a ring of protection from fire (right claw)
 q - a +6 ring of dexterity
Scrolls
 c - 3 scrolls of identify
 g - 4 scrolls of enchant weapon
Potions
 d - a potion of ambrosia {unknown}
 e - 8 potions of curing
 f - a potion of cancellation
 h - 2 potions of might
 k - 3 potions of mutation
 n - a potion of haste
 r - a potion of heal wounds

Dungeon Overview and Level Annotations

Branches:
Dungeon (11/15)            Temple (0/1) D:5         Ossuary (visited)
   Lair: D:8-11         Orc: D:9-12

Altars:
Ashenzari
Cheibriados
Kikubaaqudgha
Makhleb
Nemelex Xobeh
Qazlal
Ru
Sif Muna
Trog
Uskayaw
Wu Jian
Yredelemnul
Zin

Shops:
D:1 ?(?*   D:3 !   D:5 !   D:7 *   D:9 *

Annotations:
D:8 3 runed translucent doors, qw's ghost, novice TeWr


Message History

The volley of spikes hits you!
The barbed spikes become lodged in your body.
The barbs in your skin will harm you if you move.
Continue?
The barbed spikes dig painfully into your body as you move.
The orc warrior hits you from afar with a +0 trident.
The orc wizard casts a spell at you. The puff of flame misses you.
The manticore closely misses you. The manticore misses you.
The manticore completely misses you.
The orc priest invokes the aid of Beogh against you.
Beogh smites you!
You hear a shout!
You barely miss the manticore.
The orc warrior is engulfed in a cloud of scalding steam.
The orc warrior hits you from afar with a +0 trident.
The manticore closely misses you.
The manticore claws you but does no damage.
The manticore is burned by your cloak of flames.
The manticore is lightly wounded.
The manticore closely misses you.
An orc comes into view. It is wielding a +0 hand axe.
You mangle the manticore!!
The manticore is severely wounded.
You scratch the manticore but do no damage.
The manticore is severely wounded.
The manticore bites you but does no damage.
The manticore is burned by your cloak of flames.
The manticore is severely wounded.
The manticore claws you! The manticore claws you.
The manticore is burned by your cloak of flames.
The manticore is severely wounded.
The orc priest calls down the wrath of Beogh upon you.
Beogh smites you! The orc warrior barely misses you.
9006 ||| READING scroll of teleportation.
As you read the scroll of teleportation, it crumbles to dust.
You feel strangely unstable.
The orc warrior hits you from afar with a +0 trident!
An orc warrior comes into view. It is wielding a +0 flail.
The orc wizard points at you and mumbles some strange words.
The magic dart hits you! The manticore bites you!
You die...

#...!~~o
#..#:~~##
#..#.o.o
#..#.~~##
#..#.~~.#
#..oo~¤o+#####
#...)~8~~~~~~~
#..@.8~~~~~~~~
#.H#..........
.....###.##....
....... #.# ##
...##..# #.# ..
#..# #.# . #..#
#.##..#
#..###.##..#
#..#
#......##..#
#..# #


You could see a manticore, 2 orc warriors, 2 orc priests, an orc wizard and an
orc.

Vanquished Creatures
  Harold (D:9)
  Pikel (D:5)
  Maurice (D:8)
  2 kobold demonologists
  A merfolk (D:11)
  A hornet (D:9)
  Sigmund (D:4)
  A human (D:11)
  15 yaks
  2 wyverns
  2 steam dragons
  An acid dragon (D:11)
  A water moccasin (D:7)
  An orc warrior (D:10)
  4 black bears
  An ice beast (D:5)
  2 ogres
  A sky beast (D:8)
  A centaur (D:10)
  A lemure (D:5)
  2 kobold brigands (D:10)
  Blork the orc (D:5)
  3 bullfrogs
  A necrophage (D:4)
  2 gnoll sergeants
  4 scorpions
  19 wights
  22 killer bees
  2 crimson imps
  A centaur zombie (Ossuary)
  3 hounds (D:5)
  6 orc priests
  3 iguanas
  An orc wizard (D:11)
  2 mummies (Ossuary)
  8 gnolls
  9 adders
  A shadow imp (D:8)
  5 adder zombies
  An adder skeleton (D:3)
  3 worms (D:2)
  4 dart slugs
  14 orcs
  4 endoplasms
  6 goblins
  4 hobgoblins
  6 jackals
  3 quokkas
  10 ball pythons
  A ball python skeleton (D:3)
  3 bats (D:1)
  5 frilled lizards
  A goblin zombie (Ossuary)
  11 hobgoblin zombies (Ossuary)
  4 jackal zombies (Ossuary)
  7 kobolds
  9 kobold zombies (Ossuary)
  6 orc zombies (Ossuary)
  10 rats
  2 rat zombies (Ossuary)
250 creatures vanquished.

Vanquished Creatures (others)
  10 fungi (D:5)
  A plant (D:2)
  4 withered plants (D:8)
15 creatures vanquished.

Grand Total: 265 creatures vanquished

Notes
Turn   | Place    | Note
-------+----------+-------------------------------------------
     0 | D:1      | qw the Troll Cinder Acolyte began the quest for the Orb.
     0 | D:1      | Reached XP level 1. HP: 22/22 MP: 1/1
     0 | D:1      | 0 ||| qw: Version: 0.1-a-97-g2dd2ca4
     0 | D:1      | 0 ||| qw: Game counter: 4507
     0 | D:1      | 0 ||| qw: Always use a shield: true
     0 | D:1      | 0 ||| qw: God list: Okawaru
     0 | D:1      | 0 ||| qw: Allow faded altars: false
     0 | D:1      | 0 ||| qw: Do Orc after D:15 true
     0 | D:1      | 0 ||| qw: Do second Lair branch before Depths: true
     0 | D:1      | 0 ||| qw: Lair rune preference: random
     0 | D:1      | 0 ||| qw: Plans: Normal
     0 | D:1      | 0 ||| PLANNING D:1-11
    40 | D:1      | 40 ||| INVOKING Fiery Armour.
    87 | D:1      | Found Jahaer's Magic Scroll Boutique.
   104 | D:1      | Found Mitikok's Weapon Shoppe.
   124 | D:1      | 124 ||| BUYING scroll of identify (28 gold).
   124 | D:1      | Bought a scroll of identify for 28 gold pieces
   124 | D:1      | 124 ||| BUYING scroll of teleportation (42 gold).
   124 | D:1      | Bought a scroll of teleportation for 42 gold pieces
   124 | D:1      | 124 ||| SHOPLISTING scroll of teleportation (42 gold, have
                  | 22).
   166 | D:1      | Found Tutajiasch's Magic Scroll Boutique.
   174 | D:1      | 174 ||| SHOPLISTING scroll of enchant weapon (97 gold, have
                  | 22).
   174 | D:1      | 174 ||| SHOPLISTING scroll of teleportation (39 gold, have
                  | 22).
   186 | D:1      | Reached XP level 2. HP: 29/29 MP: 2/2
   255 | D:1      | 255 ||| Stepping ~*~*~tactically~*~*~ (hiding).
   259 | D:1      | 259 ||| Stepping ~*~*~tactically~*~*~ (hiding).
   490 | D:1      | Found a faded altar of an unknown god.
   511 | D:1      | Found Coiczyn's Assorted Antiques.
   517 | D:1      | 517 ||| BUYING scroll labelled LOUWUSESHRO (27 gold).
   517 | D:1      | Bought a scroll labelled LOUWUSESHRO for 27 gold pieces
   517 | D:1      | 517 ||| SHOPLISTING scroll labelled UNLOGAEPHO (27 gold,
                  | have 7).
   517 | D:1      | 517 ||| SHOPLISTING scroll of identify (54 gold, have 7).
   517 | D:1      | 517 ||| SHOPLISTING scroll of teleportation (81 gold, have
                  | 7).
   610 | D:1      | Reached skill level 4 in Unarmed Combat
   632 | D:1      | 632 ||| DROPPING ring of flight.
   633 | D:1      | 633 ||| DROPPING ring of magical power.
   634 | D:1      | 634 ||| READING scroll labelled RAYLAR WITHRAOF.
   649 | D:1      | 649 ||| READING scroll labelled UNLOGAEPHO.
   650 | D:1      | 650 ||| READING scroll labelled LOUWUSESHRO.
   751 | D:1      | 751 ||| READING scroll labelled UDUUPH WIMUCK.
   836 | D:2      | Reached XP level 3. HP: 27/36 MP: 3/3
   998 | D:2      | 998 ||| Stepping ~*~*~tactically~*~*~ (outnumbered).
   999 | D:2      | 999 ||| Stepping ~*~*~tactically~*~*~ (outnumbered).
  1000 | D:2      | 1000 ||| Stepping ~*~*~tactically~*~*~ (outnumbered).
  1001 | D:2      | 1001 ||| Stepping ~*~*~tactically~*~*~ (outnumbered).
  1007 | D:2      | 1007 ||| FLEEEEING.
  1067 | D:2      | 1067 ||| Stepping ~*~*~tactically~*~*~ (stealth).
  1076 | D:2      | 1076 ||| Stepping ~*~*~tactically~*~*~ (outnumbered).
  1078 | D:2      | 1078 ||| Stepping ~*~*~tactically~*~*~ (outnumbered).
  1079 | D:2      | 1079 ||| Stepping ~*~*~tactically~*~*~ (outnumbered).
  1080 | D:2      | 1080 ||| Stepping ~*~*~tactically~*~*~ (outnumbered).
  1087 | D:2      | Reached XP level 4. HP: 28/44 MP: 4/4
  1089 | D:2      | Reached skill level 5 in Unarmed Combat
  1204 | D:2      | 1204 ||| Stepping ~*~*~tactically~*~*~ (hiding).
  1378 | D:2      | 1378 ||| READING scroll labelled HITAKHL AHAILU.
  1379 | D:2      | 1379 ||| READING scroll labelled QECVIETAEDGH.
  1380 | D:2      | 1380 ||| READING 3 scrolls labelled QILARCH UPPOKK.
  1381 | D:2      | 1381 ||| READING scroll labelled NILUEN PAZOATS.
  1382 | D:2      | 1382 ||| READING 5 scrolls of identify.
  1382 | D:2      | 1382 ||| IDENTIFYING dark potion
  1383 | D:2      | 1383 ||| DROPPING 2 scrolls of blinking.
  1384 | D:2      | 1384 ||| DROPPING potion of brilliance.
  1462 | D:3      | Found Zoamn's Distillery.
  1470 | D:3      | 1470 ||| BUYING potion of curing (33 gold).
  1470 | D:3      | Bought a potion of curing for 33 gold pieces
  1470 | D:3      | 1470 ||| SHOPLISTING potion of curing (33 gold, have 18).
  1470 | D:3      | 1470 ||| SHOPLISTING potion of might (44 gold, have 18).
  1470 | D:3      | 1470 ||| SHOPLISTING potion of mutation (88 gold, have 18).
  1670 | D:3      | Found a sacrificial altar of Ru.
  1941 | D:3      | 1941 ||| READING scroll labelled VYIFAZX PITZINIFO.
  1942 | D:3      | 1942 ||| READING 5 scrolls of identify.
  1942 | D:3      | 1942 ||| IDENTIFYING orange potion
  1943 | D:3      | 1943 ||| READING 4 scrolls of identify.
  1943 | D:3      | 1943 ||| IDENTIFYING bubbling inky potion
  1944 | D:3      | 1944 ||| DROPPING potion of berserk rage.
  1945 | D:3      | 1945 ||| DROPPING potion of lignification.
  2116 | D:4      | 2116 ||| Stepping ~*~*~tactically~*~*~ (outnumbered).
  2122 | D:4      | Noticed Sigmund
  2142 | D:4      | HP: 10/44 [something (9)]
  2143 | D:4      | HP: 2/44 [something (6)]
  2144 | D:4      | 2144 ||| DRINKING 2 potions of curing.
  2144 | D:4      | 2144 ||| (to cure poison)
  2146 | D:4      | 2146 ||| DRINKING potion of curing.
  2146 | D:4      | 2146 ||| (to cure poison)
  2147 | D:4      | Killed Sigmund
  2148 | D:4      | Reached skill level 6 in Unarmed Combat
  2148 | D:4      | Reached XP level 5. HP: 15/50 MP: 5/5
  2148 | D:4      | Reached XP level 6. HP: 18/59 MP: 6/6
  2287 | D:4      | 2287 ||| INVOKING Fiery Armour.
  2289 | D:4      | Reached skill level 7 in Unarmed Combat
  2457 | D:4      | Found an ancient bone altar of Kikubaaqudgha.
  2541 | D:4      | 2541 ||| Stepping ~*~*~tactically~*~*~ (hiding).
  2542 | D:4      | 2542 ||| Stepping ~*~*~tactically~*~*~ (hiding).
  2591 | D:4      | Found a sparkling altar of Nemelex Xobeh.
  2744 | D:4      | 2744 ||| UPGRADING to ring of willpower.
  2745 | D:4      | 2745 ||| READING scroll labelled KAWIUTIXKELYCS.
  2746 | D:4      | 2746 ||| READING 5 scrolls of identify.
  2746 | D:4      | 2746 ||| IDENTIFYING purple potion
  2747 | D:4      | 2747 ||| READING 4 scrolls of identify.
  2747 | D:4      | 2747 ||| IDENTIFYING white potion
  2748 | D:4      | 2748 ||| READING 3 scrolls of identify.
  2748 | D:4      | 2748 ||| IDENTIFYING fuming orange potion
  2749 | D:4      | 2749 ||| DROPPING potion of attraction.
  2750 | D:4      | 2750 ||| DROPPING potion of magic.
  2776 | D:5      | Entered Level 5 of the Dungeon
  2838 | D:5      | Reached skill level 8 in Unarmed Combat
  2838 | D:5      | Reached XP level 7. HP: 64/66 MP: 7/7
  2849 | D:5      | Reached skill level 3 in Fighting
  2865 | D:5      | Found a staircase to the Ecumenical Temple.
  2960 | D:5      | Found Optoihou's Distillery.
  2966 | D:5      | 2966 ||| BUYING potion of curing (45 gold).
  2966 | D:5      | Bought a potion of curing for 45 gold pieces
  2966 | D:5      | 2966 ||| BUYING potion of curing (45 gold).
  2966 | D:5      | Bought a potion of curing for 45 gold pieces
  2966 | D:5      | 2966 ||| SHOPLISTING potion of experience (750 gold, have
                  | 51).
  2966 | D:5      | 2966 ||| SHOPLISTING potion of heal wounds (75 gold, have
                  | 51).
  2969 | D:5      | Found a stormy altar of Qazlal.
  2970 | D:5      | Noticed Blork the orc
  2971 | D:5      | 2971 ||| Stepping ~*~*~tactically~*~*~ (stealth).
  2979 | D:5      | 2979 ||| INVOKING Fiery Armour.
  2981 | D:5      | Reached skill level 9 in Unarmed Combat
  2981 | D:5      | HP: 16/67 [poisoned by a scorpion]
  2982 | D:5      | 2982 ||| READING 4 scrolls of teleportation.
  2983 | D:5      | Killed Blork the orc
  2984 | D:5      | Reached skill level 1 in Dodging
  2986 | D:5      | HP: 14/67 [poisoned by a scorpion]
  3127 | D:5      | Reached XP level 8. HP: 55/75 MP: 8/8
  3200 | D:5      | Found a broken altar of Ashenzari.
  3216 | D:5      | Found a bloodstained altar of Trog.
  3237 | D:5      | 3237 ||| Stepping ~*~*~tactically~*~*~ (stealth).
  3247 | D:5      | Noticed Pikel
  3248 | D:5      | 3248 ||| Stepping ~*~*~tactically~*~*~ (stealth).
  3252 | D:5      | 3252 ||| Stepping ~*~*~tactically~*~*~ (stealth).
  3256 | D:5      | Killed Pikel
  3257 | D:5      | Reached skill level 10 in Unarmed Combat
  3299 | D:5      | 3299 ||| Stepping ~*~*~tactically~*~*~ (stealth).
  3512 | D:5      | 3512 ||| Stepping ~*~*~tactically~*~*~ (stealth).
  3519 | D:5      | 3519 ||| Stepping ~*~*~tactically~*~*~ (stealth).
  3521 | D:5      | 3521 ||| Stepping ~*~*~tactically~*~*~ (stealth).
  3524 | D:5      | 3524 ||| Stepping ~*~*~tactically~*~*~ (hiding).
  3536 | D:5      | 3536 ||| FLEEEEING.
  3537 | D:5      | 3537 ||| STAIRDANCE
  3544 | D:4      | 3544 ||| READING scroll labelled BAUPNERIDY.
  3545 | D:4      | 3545 ||| READING scroll labelled RUZXEXT MESYCK.
  3612 | D:6      | 3612 ||| PLANNING OSSUARY
  3615 | D:6      | 3615 ||| STAIRDANCE
  3629 | D:6      | Reached skill level 11 in Unarmed Combat
  3685 | D:6      | Found a sand-covered staircase.
  3686 | D:6      | 3686 ||| READING 3 scrolls of identify.
  3686 | D:6      | 3686 ||| IDENTIFYING fuming pink potion
  3691 | Ossuary  | Entered an ossuary
  3704 | Ossuary  | 3704 ||| Stepping ~*~*~tactically~*~*~ (outnumbered).
  3707 | Ossuary  | 3707 ||| Stepping ~*~*~tactically~*~*~ (outnumbered).
  3708 | Ossuary  | 3708 ||| Stepping ~*~*~tactically~*~*~ (outnumbered).
  3710 | Ossuary  | 3710 ||| Stepping ~*~*~tactically~*~*~ (outnumbered).
  3711 | Ossuary  | 3711 ||| Stepping ~*~*~tactically~*~*~ (outnumbered).
  3712 | Ossuary  | 3712 ||| Stepping ~*~*~tactically~*~*~ (outnumbered).
  3713 | Ossuary  | 3713 ||| Stepping ~*~*~tactically~*~*~ (outnumbered).
  3715 | Ossuary  | 3715 ||| Stepping ~*~*~tactically~*~*~ (outnumbered).
  3716 | Ossuary  | 3716 ||| Stepping ~*~*~tactically~*~*~ (outnumbered).
  3717 | Ossuary  | 3717 ||| Stepping ~*~*~tactically~*~*~ (outnumbered).
  3718 | Ossuary  | 3718 ||| Stepping ~*~*~tactically~*~*~ (outnumbered).
  3720 | Ossuary  | 3720 ||| Stepping ~*~*~tactically~*~*~ (outnumbered).
  3721 | Ossuary  | 3721 ||| Stepping ~*~*~tactically~*~*~ (outnumbered).
  3722 | Ossuary  | 3722 ||| INVOKING Fiery Armour.
  3723 | Ossuary  | 3723 ||| Stepping ~*~*~tactically~*~*~ (outnumbered).
  3725 | Ossuary  | 3725 ||| Stepping ~*~*~tactically~*~*~ (outnumbered).
  3726 | Ossuary  | 3726 ||| Stepping ~*~*~tactically~*~*~ (outnumbered).
  3727 | Ossuary  | 3727 ||| Stepping ~*~*~tactically~*~*~ (outnumbered).
  3756 | Ossuary  | 3756 ||| Stepping ~*~*~tactically~*~*~ (outnumbered).
  3758 | Ossuary  | 3758 ||| Stepping ~*~*~tactically~*~*~ (outnumbered).
  3759 | Ossuary  | 3759 ||| Stepping ~*~*~tactically~*~*~ (outnumbered).
  3760 | Ossuary  | 3760 ||| Stepping ~*~*~tactically~*~*~ (outnumbered).
  3761 | Ossuary  | 3761 ||| Stepping ~*~*~tactically~*~*~ (outnumbered).
  3763 | Ossuary  | 3763 ||| Stepping ~*~*~tactically~*~*~ (outnumbered).
  3764 | Ossuary  | 3764 ||| Stepping ~*~*~tactically~*~*~ (outnumbered).
  3765 | Ossuary  | 3765 ||| Stepping ~*~*~tactically~*~*~ (outnumbered).
  3766 | Ossuary  | 3766 ||| Stepping ~*~*~tactically~*~*~ (outnumbered).
  3883 | Ossuary  | 3883 ||| INVOKING Fiery Armour.
  3884 | Ossuary  | 3884 ||| Stepping ~*~*~tactically~*~*~ (outnumbered).
  3885 | Ossuary  | 3885 ||| Stepping ~*~*~tactically~*~*~ (outnumbered).
  3886 | Ossuary  | 3886 ||| Stepping ~*~*~tactically~*~*~ (outnumbered).
  3888 | Ossuary  | 3888 ||| Stepping ~*~*~tactically~*~*~ (outnumbered).
  3892 | Ossuary  | 3892 ||| Stepping ~*~*~tactically~*~*~ (outnumbered).
  3893 | Ossuary  | 3893 ||| Stepping ~*~*~tactically~*~*~ (outnumbered).
  3895 | Ossuary  | 3895 ||| Stepping ~*~*~tactically~*~*~ (outnumbered).
  3897 | Ossuary  | 3897 ||| Stepping ~*~*~tactically~*~*~ (outnumbered).
  3898 | Ossuary  | 3898 ||| Stepping ~*~*~tactically~*~*~ (outnumbered).
  3899 | Ossuary  | 3899 ||| Stepping ~*~*~tactically~*~*~ (outnumbered).
  3900 | Ossuary  | 3900 ||| Stepping ~*~*~tactically~*~*~ (outnumbered).
  3915 | Ossuary  | Reached XP level 9. HP: 84/84 MP: 9/9
  4124 | Ossuary  | 4124 ||| Stepping ~*~*~tactically~*~*~ (stealth).
  4137 | Ossuary  | 4137 ||| Stepping ~*~*~tactically~*~*~ (stealth).
  4140 | Ossuary  | 4140 ||| Stepping ~*~*~tactically~*~*~ (stealth).
  4141 | Ossuary  | 4141 ||| Stepping ~*~*~tactically~*~*~ (stealth).
  4223 | Ossuary  | 4223 ||| READING 2 scrolls labelled ZIKASI TY SAEF.
  4224 | Ossuary  | 4224 ||| READING 4 scrolls of identify.
  4224 | Ossuary  | 4224 ||| IDENTIFYING viscous clear potion
  4225 | Ossuary  | 4225 ||| DROPPING scroll of poison.
  4226 | Ossuary  | 4226 ||| READING 3 scrolls of teleportation.
  4235 | D:6      | 4235 ||| PLANNING D:1-11
  4381 | D:6      | Found an ornate altar of the Wu Jian Council.
  4617 | D:6      | 4617 ||| UPGRADING to +0 steam dragon scales.
  4627 | D:6      | 4627 ||| DROPPING +0 robe.
  4628 | D:6      | 4628 ||| READING scroll of enchant armour.
  4628 | D:6      | 4628 ||| ENCHANTING +0 steam dragon scales.
  4629 | D:6      | 4629 ||| READING 3 scrolls of identify.
  4629 | D:6      | 4629 ||| IDENTIFYING yellow potion
  4630 | D:6      | 4630 ||| DROPPING potion of invisibility.
  4659 | D:7      | Reached skill level 1 in Armour
  4754 | D:7      | Found Poexziy's Assorted Antiques.
  4757 | D:7      | 4757 ||| BUYING scroll of teleportation (78 gold).
  4757 | D:7      | Bought a scroll of teleportation for 78 gold pieces
  4791 | D:7      | 4791 ||| Stepping ~*~*~tactically~*~*~ (stealth).
  4801 | D:7      | 4801 ||| Stepping ~*~*~tactically~*~*~ (stealth).
  4803 | D:7      | 4803 ||| Stepping ~*~*~tactically~*~*~ (stealth).
  4804 | D:7      | 4804 ||| Stepping ~*~*~tactically~*~*~ (outnumbered).
  4805 | D:7      | 4805 ||| Stepping ~*~*~tactically~*~*~ (stealth).
  4807 | D:7      | 4807 ||| INVOKING Fiery Armour.
  4808 | D:7      | HP: 21/84 [killer bee (7)]
  4809 | D:7      | 4809 ||| READING 3 scrolls of teleportation.
  4810 | D:7      | 4810 ||| DRINKING potion of heal wounds.
  4813 | D:7      | HP: 17/84 [poisoned by a killer bee]
  4814 | D:7      | Reached skill level 12 in Unarmed Combat
  4818 | D:7      | HP: 17/84 [poisoned by a killer bee]
  4823 | D:7      | 4823 ||| READING 2 scrolls of teleportation.
  4824 | D:7      | HP: 20/84 [wight/+3 long sword of freezing (2)]
  4900 | D:7      | 4900 ||| Stepping ~*~*~tactically~*~*~ (hiding).
  4911 | D:7      | 4911 ||| Stepping ~*~*~tactically~*~*~ (stealth).
  4912 | D:7      | 4912 ||| Stepping ~*~*~tactically~*~*~ (stealth).
  4913 | D:7      | 4913 ||| Stepping ~*~*~tactically~*~*~ (stealth).
  5260 | D:7      | 5260 ||| Stepping ~*~*~tactically~*~*~ (stealth).
  5401 | D:7      | 5401 ||| READING scroll labelled VYT RIGESAUM.
  5402 | D:7      | 5402 ||| READING 2 scrolls of identify.
  5402 | D:7      | 5402 ||| IDENTIFYING puce potion
  5403 | D:7      | 5403 ||| DROPPING potion of degeneration.
  5477 | D:8      | Reached skill level 1 in Throwing
  5490 | D:8      | Found a burning altar of Makhleb.
  5632 | D:8      | 5632 ||| Stepping ~*~*~tactically~*~*~ (stealth).
  6037 | D:8      | Noticed Maurice
  6048 | D:8      | Killed Maurice
  6049 | D:8      | Reached skill level 13 in Unarmed Combat
  6061 | D:8      | Found a shimmering blue altar of Sif Muna.
  6120 | D:8      | Reached XP level 10. HP: 87/96 MP: 10/10
  6121 | D:8      | 6121 ||| Stepping ~*~*~tactically~*~*~ (outnumbered).
  6122 | D:8      | 6122 ||| Stepping ~*~*~tactically~*~*~ (outnumbered).
  6126 | D:8      | 6126 ||| Stepping ~*~*~tactically~*~*~ (outnumbered).
  6127 | D:8      | 6127 ||| Stepping ~*~*~tactically~*~*~ (outnumbered).
  6128 | D:8      | 6128 ||| Stepping ~*~*~tactically~*~*~ (outnumbered).
  6129 | D:8      | 6129 ||| Stepping ~*~*~tactically~*~*~ (outnumbered).
  6130 | D:8      | 6130 ||| Stepping ~*~*~tactically~*~*~ (outnumbered).
  6135 | D:8      | 6135 ||| Stepping ~*~*~tactically~*~*~ (outnumbered).
  6138 | D:8      | 6138 ||| Stepping ~*~*~tactically~*~*~ (outnumbered).
  6139 | D:8      | 6139 ||| Stepping ~*~*~tactically~*~*~ (outnumbered).
  6140 | D:8      | 6140 ||| Stepping ~*~*~tactically~*~*~ (outnumbered).
  6141 | D:8      | 6141 ||| Stepping ~*~*~tactically~*~*~ (outnumbered).
  6269 | D:8      | Found a runed translucent gate.
  6270 | D:8      | Found a runed translucent gate.
  6272 | D:8      | Found a runed translucent gate.
  6273 | D:8      | Noticed qw's ghost (novice TeWr)
  6273 | D:8      | Noticed qw's ghost (novice TeWr)
  6273 | D:8      | Noticed qw's ghost (novice TeWr)
  6405 | D:8      | 6405 ||| UPGRADING to +0 cloak.
  6410 | D:8      | 6410 ||| READING 3 scrolls of identify.
  6410 | D:8      | 6410 ||| IDENTIFYING glowing red potion
  6411 | D:8      | 6411 ||| DROPPING potion of flight.
  6451 | D:9      | 6451 ||| STAIRDANCE
  6453 | D:8      | 6453 ||| Stepping ~*~*~tactically~*~*~ (outnumbered).
  6454 | D:8      | 6454 ||| Stepping ~*~*~tactically~*~*~ (outnumbered).
  6455 | D:8      | 6455 ||| Stepping ~*~*~tactically~*~*~ (outnumbered).
  6456 | D:8      | 6456 ||| Stepping ~*~*~tactically~*~*~ (outnumbered).
  6457 | D:8      | 6457 ||| Stepping ~*~*~tactically~*~*~ (outnumbered).
  6458 | D:8      | 6458 ||| Stepping ~*~*~tactically~*~*~ (outnumbered).
  6459 | D:8      | 6459 ||| Stepping ~*~*~tactically~*~*~ (outnumbered).
  6462 | D:8      | 6462 ||| Stepping ~*~*~tactically~*~*~ (outnumbered).
  6463 | D:8      | 6463 ||| Stepping ~*~*~tactically~*~*~ (outnumbered).
  6464 | D:8      | 6464 ||| Stepping ~*~*~tactically~*~*~ (outnumbered).
  6465 | D:8      | 6465 ||| Stepping ~*~*~tactically~*~*~ (outnumbered).
  6468 | D:8      | 6468 ||| Stepping ~*~*~tactically~*~*~ (outnumbered).
  6469 | D:8      | 6469 ||| Stepping ~*~*~tactically~*~*~ (outnumbered).
  6470 | D:8      | 6470 ||| Stepping ~*~*~tactically~*~*~ (outnumbered).
  6471 | D:8      | 6471 ||| Stepping ~*~*~tactically~*~*~ (outnumbered).
  6472 | D:8      | 6472 ||| Stepping ~*~*~tactically~*~*~ (outnumbered).
  6473 | D:8      | 6473 ||| Stepping ~*~*~tactically~*~*~ (outnumbered).
  6474 | D:8      | 6474 ||| Stepping ~*~*~tactically~*~*~ (outnumbered).
  6475 | D:8      | 6475 ||| Stepping ~*~*~tactically~*~*~ (outnumbered).
  6476 | D:8      | 6476 ||| Stepping ~*~*~tactically~*~*~ (outnumbered).
  6477 | D:8      | 6477 ||| Stepping ~*~*~tactically~*~*~ (outnumbered).
  6478 | D:8      | 6478 ||| Stepping ~*~*~tactically~*~*~ (outnumbered).
  6479 | D:8      | 6479 ||| Stepping ~*~*~tactically~*~*~ (outnumbered).
  6481 | D:8      | 6481 ||| FLEEEEING.
  6482 | D:8      | 6482 ||| FLEEEEING.
  6483 | D:8      | 6483 ||| FLEEEEING.
  6595 | D:9      | 6595 ||| STAIRDANCE
  6597 | D:8      | 6597 ||| Stepping ~*~*~tactically~*~*~ (outnumbered).
  6598 | D:8      | 6598 ||| Stepping ~*~*~tactically~*~*~ (outnumbered).
  6599 | D:8      | 6599 ||| Stepping ~*~*~tactically~*~*~ (outnumbered).
  6600 | D:8      | 6600 ||| Stepping ~*~*~tactically~*~*~ (outnumbered).
  6601 | D:8      | 6601 ||| Stepping ~*~*~tactically~*~*~ (outnumbered).
  6602 | D:8      | 6602 ||| Stepping ~*~*~tactically~*~*~ (outnumbered).
  6603 | D:8      | 6603 ||| Stepping ~*~*~tactically~*~*~ (outnumbered).
  6604 | D:8      | 6604 ||| Stepping ~*~*~tactically~*~*~ (outnumbered).
  6605 | D:8      | 6605 ||| Stepping ~*~*~tactically~*~*~ (outnumbered).
  6606 | D:8      | 6606 ||| Stepping ~*~*~tactically~*~*~ (outnumbered).
  6607 | D:8      | 6607 ||| Stepping ~*~*~tactically~*~*~ (outnumbered).
  6608 | D:8      | 6608 ||| Stepping ~*~*~tactically~*~*~ (outnumbered).
  6732 | D:9      | 6732 ||| STAIRDANCE
  6734 | D:8      | 6734 ||| INVOKING Fiery Armour.
  6735 | D:8      | 6735 ||| Stepping ~*~*~tactically~*~*~ (outnumbered).
  6738 | D:8      | 6738 ||| Stepping ~*~*~tactically~*~*~ (outnumbered).
  6739 | D:8      | HP: 23/96 [yak (11)]
  6740 | D:8      | 6740 ||| READING 3 scrolls of teleportation.
  6740 | D:8      | HP: 5/96 [yak (9)]
  6742 | D:8      | Reached skill level 14 in Unarmed Combat
  6979 | D:9      | 6979 ||| INVOKING Fiery Armour.
  6980 | D:9      | 6980 ||| Stepping ~*~*~tactically~*~*~ (outnumbered).
  7012 | D:9      | Found a snail-covered altar of Cheibriados.
  7012 | D:9      | Found a basalt altar of Yredelemnul.
  7017 | D:9      | Reached skill level 6 in Fighting
  7017 | D:9      | Found a hide-covered altar of Uskayaw.
  7157 | D:9      | 7157 ||| Stepping ~*~*~tactically~*~*~ (outnumbered).
  7172 | D:9      | 7172 ||| INVOKING Fiery Armour.
  7223 | D:9      | Noticed a soul eater
  7227 | D:9      | 7227 ||| Stepping ~*~*~tactically~*~*~ (hiding).
  7229 | D:9      | 7229 ||| Stepping ~*~*~tactically~*~*~ (outnumbered).
  7234 | D:9      | 7234 ||| Stepping ~*~*~tactically~*~*~ (outnumbered).
  7308 | D:9      | Noticed Harold
  7309 | D:9      | 7309 ||| Stepping ~*~*~tactically~*~*~ (hiding).
  7310 | D:9      | 7310 ||| Stepping ~*~*~tactically~*~*~ (hiding).
  7315 | D:9      | 7315 ||| INVOKING Fiery Armour.
  7316 | D:9      | Killed Harold
  7489 | D:9      | Found Juot's Elemental Accessories.
  7577 | D:9      | Found a glowing silver altar of Zin.
  7712 | D:9      | 7712 ||| READING 3 scrolls of identify.
  7712 | D:9      | 7712 ||| IDENTIFYING coppery potion
  7733 | D:10     | Entered Level 10 of the Dungeon
  7761 | D:10     | 7761 ||| Stepping ~*~*~tactically~*~*~ (stealth).
  7771 | D:10     | Reached skill level 15 in Unarmed Combat
  7791 | D:10     | 7791 ||| Stepping ~*~*~tactically~*~*~ (stealth).
  7999 | D:10     | 7999 ||| Stepping ~*~*~tactically~*~*~ (stealth).
  8012 | D:10     | Noticed a sun demon
  8016 | D:10     | Reached XP level 11. HP: 102/105 MP: 11/11
  8126 | D:10     | 8126 ||| Stepping ~*~*~tactically~*~*~ (hiding).
  8136 | D:10     | 8136 ||| Stepping ~*~*~tactically~*~*~ (outnumbered).
  8164 | D:10     | 8164 ||| Stepping ~*~*~tactically~*~*~ (hiding).
  8575 | D:10     | 8575 ||| UPGRADING to amulet of the acrobat.
  8580 | D:10     | 8580 ||| UPGRADING to ring of protection from fire.
  8581 | D:10     | 8581 ||| DRINKING 2 bubbling golden potions.
  8624 | D:11     | 8624 ||| INVOKING Fiery Armour.
  8628 | D:11     | 8628 ||| Stepping ~*~*~tactically~*~*~ (outnumbered).
  8630 | D:11     | 8630 ||| Stepping ~*~*~tactically~*~*~ (outnumbered).
  8631 | D:11     | 8631 ||| Stepping ~*~*~tactically~*~*~ (outnumbered).
  8632 | D:11     | 8632 ||| Stepping ~*~*~tactically~*~*~ (outnumbered).
  8636 | D:11     | 8636 ||| Stepping ~*~*~tactically~*~*~ (outnumbered).
  8648 | D:11     | 8648 ||| Stepping ~*~*~tactically~*~*~ (outnumbered).
  8648 | D:11     | HP: 20/105 [ice devil[a kobold demonologist] (18)]
  8648 | D:11     | Gained mutation: You are clumsy. (Dex -2) [a neqoxec]
  8649 | D:11     | 8649 ||| READING 3 scrolls of teleportation.
  8650 | D:11     | 8650 ||| Stepping ~*~*~tactically~*~*~ (outnumbered).
  8656 | D:11     | 8656 ||| READING 2 scrolls of teleportation.
  8669 | D:11     | HP: 17/105 [merfolk/+0 trident (17)]
  8670 | D:11     | 8670 ||| READING scroll of teleportation.
  8676 | D:11     | 8676 ||| FLEEEEING.
  8677 | D:11     | HP: 6/105 [yak (10)]
  8678 | D:11     | 8678 ||| FLEEEEING.
  8679 | D:11     | 8679 ||| FLEEEEING.
  8680 | D:11     | 8680 ||| FLEEEEING.
  8681 | D:11     | 8681 ||| FLEEEEING.
  8682 | D:11     | 8682 ||| FLEEEEING.
  8683 | D:11     | 8683 ||| FLEEEEING.
  8686 | D:11     | 8686 ||| FLEEEEING.
  8687 | D:11     | 8687 ||| FLEEEEING.
  8688 | D:11     | 8688 ||| FLEEEEING.
  8689 | D:11     | 8689 ||| STAIRDANCE
  8772 | D:11     | 8772 ||| Stepping ~*~*~tactically~*~*~ (outnumbered).
  8773 | D:11     | 8773 ||| Stepping ~*~*~tactically~*~*~ (outnumbered).
  8774 | D:11     | 8774 ||| Stepping ~*~*~tactically~*~*~ (outnumbered).
  8775 | D:11     | 8775 ||| Stepping ~*~*~tactically~*~*~ (outnumbered).
  8776 | D:11     | 8776 ||| Stepping ~*~*~tactically~*~*~ (outnumbered).
  8777 | D:11     | 8777 ||| Stepping ~*~*~tactically~*~*~ (outnumbered).
  8778 | D:11     | 8778 ||| Stepping ~*~*~tactically~*~*~ (outnumbered).
  8779 | D:11     | 8779 ||| Stepping ~*~*~tactically~*~*~ (outnumbered).
  8782 | D:11     | 8782 ||| Stepping ~*~*~tactically~*~*~ (outnumbered).
  8830 | D:11     | 8830 ||| Stepping ~*~*~tactically~*~*~ (stealth).
  8831 | D:11     | 8831 ||| Stepping ~*~*~tactically~*~*~ (stealth).
  8886 | D:11     | 8886 ||| FLEEEEING.
  8887 | D:11     | 8887 ||| FLEEEEING.
  8888 | D:11     | 8888 ||| FLEEEEING.
  8893 | D:11     | 8893 ||| FLEEEEING.
  8894 | D:11     | 8894 ||| FLEEEEING.
  8895 | D:11     | 8895 ||| FLEEEEING.
  8896 | D:11     | 8896 ||| FLEEEEING.
  8897 | D:11     | 8897 ||| FLEEEEING.
  8898 | D:11     | 8898 ||| FLEEEEING.
  8899 | D:11     | 8899 ||| FLEEEEING.
  8900 | D:11     | 8900 ||| FLEEEEING.
  8901 | D:11     | 8901 ||| FLEEEEING.
  8997 | D:11     | 8997 ||| INVOKING Fiery Armour.
  9005 | D:11     | HP: 20/105 [orc priest/divine providence (13)]
  9006 | D:11     | 9006 ||| READING scroll of teleportation.
  9006 | D:11     | HP: 5/105 [orc wizard/magic dart (9)]
  9006 | D:11     | Slain by a manticore

Levels and vault maps discovered:
D:1:      dpeg_arrival_houses_and_road, layout_rooms,
          ebering_ecumenical_altar_abandoned, serial_shops, shop,
          nicolae_shop_waterfront, shop_coins, shop,
          minmay_misc_feat_secret_circle, st_stairs_5
D:2:      layout_rooms, minmay_shallow_snake_nest
D:3:      layout_basic, mainiacjoe_overflow_alcove_2, serial_shops, shop,
          serial_undead, serial_undead_e, serial_undead_a, serial_undead_f,
          serial_undead_b, minmay_misc_feat_rugged, serial_bayou_crossing
D:4:      layout_loops_cross, nicolae_overflow_crystal_walls,
          nemelex_dance_club_becter, uniq_sigmund
D:5:      layout_basic, mainiacjoe_overflow_paths,
          mainiacjoe_overflow_catch_the_wave, minmay_temple_entry_large_hall,
          serial_shops, nicolae_square_shop, uniq_blork_the_orc, uniq_pikel
D:6:      layout_rooms, mainiacjoe_overflow_brackets, enter_ossuary_2,
          feat_on_display
D:7:      layout_basic, serial_shops, nicolae_shop_behind_doors,
          grunt_decor_mini_mirrors, st_stairs_12, kennysheep_nondescript
D:8:      layout_gridville, makhleb_grotto_becter, lemuel_blue_sif_altar,
          gammafunk_ghost_cemetery, chequers_hall_statues_y,
          minmay_misc_feat_cross, uniq_maurice
D:9:      layout_irregular_city, nicolae_overflow_quartered_altars,
          nicolae_elemental_shop, uniq_harold
D:10:     layout_loops_ring, enter_bailey_8, chequers_serial_rivers_micro_d
D:11:     layout_long_grid, lair_entry_dummy, erik_orc_2, hangedman_stone_soup,
          minmay_fountain_box

Skill      XL: |  1  2  3  4  5  6  7  8  9 10 |
---------------+-------------------------------+-----
Unarmed Combat | 4 6 8 9 11 13 15 | 15.9
Fighting       | 3 4 5 6 |  6.0
Dodging        | 1 |  1.3
Armour         | 1 2 |  2.2
Throwing       | 1 2 |  2.0
Spellcasting   | |  1.0
Fire Magic     | |  2.1

Action                   |  1- 3 |  4- 6 |  7- 9 | 10-12 || total
-------------------------+-------+-------+-------+-------++-------
Melee: Unarmed           |   107 |   114 |   214 |   238 ||   673
       Punch             |     3 |     3 |     9 |    11 ||    26
Throw: Boomerang         |       |       |    19 |    29 ||    48
Invok: Fiery Armour      |     1 |     1 |     4 |     6 ||    12
  Use: Scroll            |     4 |    12 |    13 |     7 ||    36
       Potion            |       |     2 |     1 |     1 ||     4
Armor: Robe              |    38 |    43 |    49 |       ||   130
       Steam dragon scal |       |       |    32 |   101 ||   133
Dodge: Dodged            |    43 |    45 |    69 |   136 ||   293

Table legend:
 A = Non-vault XP
 B = Vault XP
 C = Vault XP percentage of total XP
 D = Non-vault monster count
 E = Vault monster count
 F = Vault count percentage of total count
                 A         B        C        D         E       F
            +---------+---------+-------+---------+---------+-------
      Total |   11086 |    3226 |  22.5 |     185 |      64 |  25.7
            +---------+---------+-------+---------+---------+-------
        D:1 |      26 |       3 |  10.3 |      18 |       2 |  10.0
        D:2 |      74 |      17 |  18.7 |      23 |       5 |  17.9
        D:3 |       8 |      18 |  69.2 |       6 |       4 |  40.0
        D:4 |     311 |     248 |  44.4 |      17 |       3 |  15.0
        D:5 |    1020 |     759 |  42.7 |      20 |       2 |   9.1
        D:6 |     562 |       0 |   0.0 |       6 |       0 |   0.0
        D:7 |    1029 |      74 |   6.7 |      16 |       1 |   5.9
        D:8 |    2877 |     535 |  15.7 |      21 |       2 |   8.7
        D:9 |    1840 |     847 |  31.5 |      20 |       1 |   4.8
       D:10 |    1803 |       0 |   0.0 |      26 |       0 |   0.0
       D:11 |    1536 |     594 |  27.9 |      12 |       5 |  29.4
    Ossuary |       0 |     131 | 100.0 |       0 |      39 | 100.0
            +---------+---------+-------+---------+---------+-------
